 Dungeon Crawl Stone Soup version 0.29.0-4-gdea44cf6ec (webtiles) character file.

Game seed: 476893279619420694

247 qw the Sneak (level 6, -7/38 HPs)
             Began as a Gargoyle Delver on Sept 10, 2022.
             Killed from afar by Blork the orc (10 damage)
             ... with a puff of frost
             ... on level 4 of the Dungeon.
             The game lasted 00:01:51 (4129 turns).

qw the Sneak (Gargoyle Delver)                      Turns: 4129, Time: 00:01:51

Health: -7/38      AC: 13    Str: 17    XL:     6   Next: 11%
Magic:  6/6        EV: 11    Int: 11    God:
Gold:   156        SH:  0    Dex: 11    Spells: 5/5 levels left

rFire   . . .      SeeInvis .   Y - +1 hand axe
rCold   . . .      Faith    .   (no shield)
rNeg    + . .      Spirit   .   h - +0 chain mail
rPois   inf        Reflect  .   (no helmet)
rElec   +          Harm     .   (no cloak)
rCorr   .          Rampage  .   (no gloves)
Will    .....                   (no boots)
Stlth   ..........              (no amulet)
HPRegen 0.12/turn               a - +4 ring of evasion
MPRegen 0.10/turn               (no ring)

@: about to teleport
A: sickness immunity, AC +4, negative energy resistance 1, electricity
resistance, torment resistance 1, petrification resistance
a: no special abilities


You were on level 4 of the Dungeon.
You visited 1 branch of the dungeon, and saw 5 of its levels.

You collected 156 gold pieces.


Innate Abilities, Weirdness & Mutations

You are immune to sickness and miasma.
Your stone body is resilient. (AC +4)
You are immune to poison.
You resist negative energy. (rN+)
You are resistant to electric shocks. (rElec)
You are resistant to unholy torment.
You are immune to petrification.


   Skills:
 + Level 3.9 Fighting
 - Level 5.0 Axes
 - Level 2.0 Armour
 - Level 1.5 Dodging
 - Level 5.4 Stealth


You had 5 spell levels left.
You didn't know any spells.
Your spell library was empty.

Inventory:

Hand Weapons
 p - a +2 whip of electrocution
 Y - a +1 hand axe (weapon)
Armour
 h - a +0 chain mail (worn)
Jewellery
 a - a +4 ring of evasion (left hand)
 c - a +4 ring of evasion
 l - a ring of flight
Wands
 g - a wand of digging (3)
Scrolls
 e - 2 scrolls of teleportation
 k - a scroll of blinking {unknown}
 m - a scroll of identify
Potions
 b - a potion of heal wounds {unknown}
 d - 4 potions of might
 f - a potion of haste
 i - a potion of resistance
 j - 4 potions of curing

Dungeon Overview and Level Annotations

Branches:
Dungeon (5/15)
 Temple: D:4-7

Altars:
Gozag

Annotations:
D:2 1 runed translucent door, Crazy Yiuf
D:4 Blork the orc


Message History

You start resting.
HP restored.
A hobgoblin comes into view.
The hobgoblin shouts!
You hit the hobgoblin.
You kill the hobgoblin!
You see here a hobgoblin corpse.
Blork the orc comes into view.
He is wielding a +0 vorpal war axe.
Blork the orc shouts!
Enter note: Blork the orc screams, "Die!"
Blork the orc barely misses you.
You closely miss Blork the orc.
Blork the orc hits you with a +0 vorpal war axe!
You slash Blork the orc!
Blork the orc is moderately wounded.
Blork the orc hits you but does no damage.
You hit Blork the orc.
Blork the orc is heavily wounded.
Blork the orc casts a spell at you. The puff of flame misses you.
Blork the orc misses you.
You hit Blork the orc.
Blork the orc is heavily wounded.
Blork the orc hits you with a +0 vorpal war axe!
You hit Blork the orc.
Blork the orc is severely wounded.
Blork the orc hits you with a +0 vorpal war axe!
4127 ||| READING 3 scrolls of teleportation.
As you read the scroll of teleportation, it crumbles to dust.
You feel strangely unstable.
Blork the orc screams, "I'll cover the dungeon with your blood!"
Blork the orc barely misses you.
You hit Blork the orc but do no damage.
Blork the orc is severely wounded.
Blork the orc hits you with a +0 vorpal war axe.
You barely miss Blork the orc.
Blork the orc is severely wounded.
Blork the orc points at you and mumbles some strange words.
The puff of frost hits you!
You die...

##.......# #
##........# #
#...#.....# #
##...#.....# #
#...#......#
##
##.###+###..##
#. #..# #...#
##. ##..#
#...###..
#.@.#
#...%##..
#..o.#
#........
##...#
#........
#...#
#........
....#
#....####
.....# #...##
##.... ......
#.### .......
###...


You could see Blork the orc.

Vanquished Creatures
  A scorpion (D:4)
  A hound (D:4)
  2 iguanas (D:4)
  4 adders
  A worm (D:2)
  A dart slug (D:3)
  2 orcs (D:4)
  4 endoplasms
  5 giant cockroaches
  6 goblins
  6 hobgoblins
  6 ball pythons
  11 bats
  2 frilled lizards
  10 kobolds
  6 rats
68 creatures vanquished.

Notes
Turn   | Place    | Note
-------+----------+-------------------------------------------
     0 | D:5      | qw the Gargoyle Delver began the quest for the Orb.
     0 | D:5      | Reached XP level 1. HP: 14/14 MP: 1/1
     0 | D:5      | 0 ||| qw: Version: 0.1-a-116-g5d60599
     0 | D:5      | 0 ||| qw: Game counter: 9036
     0 | D:5      | 0 ||| qw: Always use a shield: true
     0 | D:5      | 0 ||| qw: God list: Okawaru
     0 | D:5      | 0 ||| qw: Allow faded altars: false
     0 | D:5      | 0 ||| qw: Do Orc after D:15 true
     0 | D:5      | 0 ||| qw: Do second Lair branch before Depths: true
     0 | D:5      | 0 ||| qw: Lair rune preference: random
     0 | D:5      | 0 ||| qw: Plans: Normal
     0 | D:5      | 0 ||| PLANNING D:1-11
    35 | D:5      | Reached XP level 2. HP: 12/19 MP: 2/2
   138 | D:5      | 138 ||| DROPPING scroll of fog.
   139 | D:5      | 139 ||| DROPPING scroll of magic mapping.
   140 | D:5      | 140 ||| DROPPING scroll of fear.
   374 | D:3      | Found an opulent altar of Gozag.
   579 | D:3      | Reached skill level 3 in Axes
   744 | D:3      | 744 ||| READING scroll labelled JOUSORIOGI.
   745 | D:3      | 745 ||| READING scroll labelled FAAGUK ZOQU.
   852 | D:2      | Reached XP level 3. HP: 20/23 MP: 3/3
  1223 | D:1      | 1223 ||| Stepping ~*~*~tactically~*~*~ (stealth).
  1233 | D:1      | 1233 ||| Stepping ~*~*~tactically~*~*~ (stealth).
  1234 | D:1      | 1234 ||| Stepping ~*~*~tactically~*~*~ (stealth).
  1574 | D:1      | 1574 ||| Stepping ~*~*~tactically~*~*~ (stealth).
  1576 | D:1      | 1576 ||| Stepping ~*~*~tactically~*~*~ (stealth).
  1577 | D:1      | 1577 ||| Stepping ~*~*~tactically~*~*~ (stealth).
  1578 | D:1      | 1578 ||| Stepping ~*~*~tactically~*~*~ (stealth).
  1579 | D:1      | 1579 ||| Stepping ~*~*~tactically~*~*~ (stealth).
  1592 | D:1      | 1592 ||| Stepping ~*~*~tactically~*~*~ (stealth).
  1595 | D:1      | 1595 ||| Stepping ~*~*~tactically~*~*~ (stealth).
  1597 | D:1      | 1597 ||| Stepping ~*~*~tactically~*~*~ (stealth).
  1828 | D:1      | Reached XP level 4. HP: 28/28 MP: 4/4
  1999 | D:1      | Found a faded altar of an unknown god.
  2120 | D:1      | 2120 ||| READING scroll labelled NAITODEPEGG.
  2221 | D:1      | 2221 ||| READING 2 scrolls labelled YDIETAR MONOTS.
  2226 | D:1      | 2226 ||| READING scroll labelled MOEDAA IRROO.
  2227 | D:1      | 2227 ||| READING scroll labelled IWUMYX GAMA.
  2228 | D:1      | 2228 ||| DRINKING 3 murky dark potions.
  2229 | D:1      | 2229 ||| DRINKING 2 pink potions.
  2230 | D:1      | 2230 ||| DRINKING 2 inky potions.
  2392 | D:2      | 2392 ||| DROPPING +0 whip.
  2537 | D:2      | Found a runed translucent door.
  2538 | D:2      | Noticed Crazy Yiuf
  2659 | D:2      | 2659 ||| Stepping ~*~*~tactically~*~*~ (stealth).
  2660 | D:2      | 2660 ||| Stepping ~*~*~tactically~*~*~ (stealth).
  2666 | D:2      | 2666 ||| Stepping ~*~*~tactically~*~*~ (stealth).
  2667 | D:2      | 2667 ||| Stepping ~*~*~tactically~*~*~ (stealth).
  2668 | D:2      | 2668 ||| Stepping ~*~*~tactically~*~*~ (stealth).
  2738 | D:2      | 2738 ||| Stepping ~*~*~tactically~*~*~ (stealth).
  2742 | D:2      | 2742 ||| Stepping ~*~*~tactically~*~*~ (stealth).
  2744 | D:2      | 2744 ||| Stepping ~*~*~tactically~*~*~ (stealth).
  2746 | D:2      | 2746 ||| Stepping ~*~*~tactically~*~*~ (stealth).
  2748 | D:2      | 2748 ||| Stepping ~*~*~tactically~*~*~ (stealth).
  2750 | D:2      | 2750 ||| Stepping ~*~*~tactically~*~*~ (stealth).
  2752 | D:2      | 2752 ||| Stepping ~*~*~tactically~*~*~ (stealth).
  2754 | D:2      | 2754 ||| Stepping ~*~*~tactically~*~*~ (stealth).
  2896 | D:2      | 2896 ||| UPGRADING to +0 chain mail.
  2906 | D:2      | 2906 ||| DROPPING +0 leather armour.
  2907 | D:2      | 2907 ||| READING scroll labelled AJOEJU DOAMENU.
  2908 | D:2      | 2908 ||| READING scroll labelled WAGRIW BUJET.
  2909 | D:2      | 2909 ||| READING scroll labelled ZUBIVA JEDAELA.
  2910 | D:2      | 2910 ||| READING scroll labelled ZAJEFA TOAPRIF.
  2911 | D:2      | 2911 ||| READING scroll labelled RANGEL GIEFF.
  3235 | D:3      | Reached skill level 1 in Armour
  3275 | D:3      | 3275 ||| UPGRADING to +4 ring of evasion.
  3276 | D:3      | 3276 ||| DRINKING 2 amethyst potions.
  3277 | D:3      | 3277 ||| DROPPING potion of magic.
  3419 | D:4      | 3419 ||| FLEEEEING.
  3420 | D:4      | 3420 ||| FLEEEEING.
  3422 | D:4      | 3422 ||| STAIRDANCE
  3493 | D:4      | Reached XP level 5. HP: 32/32 MP: 5/5
  3639 | D:4      | 3639 ||| FLEEEEING.
  3640 | D:4      | 3640 ||| FLEEEEING.
  3641 | D:4      | 3641 ||| FLEEEEING.
  3642 | D:4      | 3642 ||| FLEEEEING.
  3643 | D:4      | 3643 ||| STAIRDANCE
  4080 | D:4      | Reached XP level 6. HP: 36/38 MP: 6/6
  4118 | D:4      | Noticed Blork the orc
  4126 | D:4      | HP: 8/38 [Blork the orc/+0 vorpal war axe (7)]
  4127 | D:4      | 4127 ||| READING 3 scrolls of teleportation.
  4128 | D:4      | HP: 3/38 [Blork the orc/+0 vorpal war axe (1)]
  4129 | D:4      | Killed from afar by Blork the orc

Levels and vault maps discovered:
D:1:      psy_arrival_whirlpool, layout_basic,
          ebering_ecumenical_altar_sacrificial
D:2:      layout_rooms, uniq_crazy_yiuf_cottage
D:3:      layout_basic, nicolae_gozag_seed_capital
D:4:      layout_layer_cave, nicolae_hepliaklqana_monster_ancestors,
          fountainhead, uniq_grinder, uniq_blork_the_orc, uniq_robin
D:5:      layout_loops_ring, dk_yredelemnul_ordeal, lightli_temple_of_fire,
          mainiacjoe_overflow_cross_hatched, minmay_temple_entry_hall,
          lightli_sewer_entry_pipes, minmay_statues_item,
          kb_lookout_dungeons_type, skrybe_limestone_x, minmay_misc_feat_alley,
          uniq_prince_ribbit1

Skill      XL: |  1  2  3  4  5 |
---------------+----------------+-----
Axes           | 2 3 4 5 |  5.0
Armour         | 2 |  2.0
Fighting       | |  3.9
Dodging        | |  1.5
Stealth        | |  5.4

Action                   |  1- 3 |  4- 6 || total
-------------------------+-------+-------++-------
Melee: Hand axe          |   133 |   135 ||   268
       Punch             |     1 |     1 ||     2
  Use: Scroll            |     2 |    10 ||    12
       Potion            |       |     4 ||     4
 Stab: Sleeping          |     1 |     1 ||     2
Armor: Leather armour    |    53 |     8 ||    61
       Chain mail        |       |    49 ||    49
Dodge: Dodged            |    86 |    69 ||   155

Table legend:
 A = Non-vault XP
 B = Vault XP
 C = Vault XP percentage of total XP
 D = Non-vault monster count
 E = Vault monster count
 F = Vault count percentage of total count
                 A         B        C        D         E       F
            +---------+---------+-------+---------+---------+-------
      Total |     354 |       0 |   0.0 |      68 |       0 |   0.0
            +---------+---------+-------+---------+---------+-------
        D:1 |      41 |       0 |   0.0 |      25 |       0 |   0.0
        D:2 |      37 |       0 |   0.0 |      13 |       0 |   0.0
        D:3 |      36 |       0 |   0.0 |      15 |       0 |   0.0
        D:4 |     227 |       0 |   0.0 |      14 |       0 |   0.0
        D:5 |      13 |       0 |   0.0 |       1 |       0 |   0.0
            +---------+---------+-------+---------+---------+-------
